 Dungeon Crawl Stone Soup version 0.20.1-1-g8b1a95d (webtiles) character file.

63 Irenicus the Chopper (level 3, -11/32 HPs)
             Began as a Deep Dwarf Gladiator on Oct 20, 2017.
             Mangled by an ogre
             ... wielding a +0 giant club
              (20 damage)
             ... on level 6 of the Dungeon.
             The game lasted 00:02:22 (1568 turns).

Irenicus the Chopper (Deep Dwarf Gladiator)         Turns: 1568, Time: 00:02:23

Health: -11/32     AC:  4    Str: 17    XL:     3   Next: 89%
Magic:  2/2        EV: 13    Int:  8    God:
Gold:   122        SH:  0    Dex: 15    Spells: 2/2 levels left

rFire    . . .     SeeInvis .   a - +0 war axe
rCold    . . .     Gourm    .   (no shield)
rNeg     . . .     Faith    .   b - +0 leather armour
rPois    .         Spirit   .   c - +0 helmet
rElec    .         Reflect  .   (no cloak)
rCorr    .         Harm     .   (no gloves)
MR       .....                  (no boots)
Stlth    +.........             (no amulet)
Regen    0.0/turn               o - -3 ring of slaying (curse)
MPRegen  0.1/turn               (no ring)

@: non-regenerating
A: damage resistance, heal wounds, sense surroundings 1, no regeneration
a: Heal Wounds


You were on level 6 of the Dungeon.
You were very hungry.

You visited 1 branch of the dungeon, and saw 4 of its levels.

You collected 122 gold pieces.

Inventory:

Hand Weapons
 a - a +0 war axe (weapon)
Missiles
 d - 3 throwing nets (quivered)
Armour
 b - a +0 leather armour (worn)
 c - a +0 helmet (worn)
Jewellery
 o - a cursed -3 ring of slaying (left hand)
Scrolls
 h - 2 scrolls of identify
 l - 2 scrolls of teleportation
 m - 2 scrolls of fear {unknown}
 p - a scroll of magic mapping {unknown}
 q - a scroll of random uselessness {unknown}
 s - a scroll of enchant armour {unknown}
 t - a scroll of immolation {unknown}
 u - a scroll of amnesia {unknown}
Potions
 e - a potion of curing
 i - a potion of might {unknown}
 j - a potion of heal wounds {unknown}
 r - a potion of haste {unknown}
Books
 n - a book of Cantrips

   Spells                             Type                      Level
   a - Confusing Touch                Hexes                        1
   b - Animate Skeleton               Necromancy                   1
   c - Summon Small Mammal            Summoning                    1
   d - Apportation                    Translocation                1
Comestibles
 f - 2 bread rations
 g - 4 fruits
 k - 2 royal jellies


   Skills:
 - Level 1.7 Fighting
 + Level 5.3 Axes
 - Level 1.7 Throwing
 - Level 3.2 Dodging


You had 2 spell levels left.
You didn't know any spells.

Dungeon Overview and Level Annotations

Branches:
Dungeon (3/15)

Altars:
Okawaru
Vehumet


Innate Abilities, Weirdness & Mutations

You are resistant to damage.
You can heal yourself by infusing magical energy.
You passively map a small area around you.
You do not regenerate.


Message History

The ogre is severely wounded.
You hit the jelly but do no damage.
Your hands burn!
You slash the bullfrog zombie! The bullfrog zombie hits you.
The ogre hits you with a giant club. The jelly hits you.
You are splashed with acid!
The acid burns!
The bullfrog zombie hits you but does no damage.
You hit the ogre.
The ogre is almost dead.
You hit the bullfrog zombie. You hit the jelly.
Your hands burn!
The bullfrog zombie barely misses you. The ogre barely misses you.
The jelly closely misses you. The bullfrog zombie hits you.
The jelly hits you but does no damage.
You hit the ogre.
The ogre is almost dead.
You hit the bullfrog zombie. You hit the jelly but do no damage.
Your hands burn!
* * * LOW HITPOINT WARNING * * *
The ogre hits you with a giant club!!
Ouch! That really hurt!
You die...

* * * ,
, , * *
* * ##
*# , **
.##. *
**..# #
#Z#.# ,
* ##@O#
* ,
,#J##.#
* ,#.##
# * ,
#.** , ,
, , *..
* , ...
, *
,*,*.###
* , ,
#.* , #
,*


You could see an ogre, a jelly and a bullfrog zombie.

Vanquished Creatures
  4 adders
  A dart slug (D:2)
  4 goblins
  5 hobgoblins
  A ball python (D:2)
  5 frilled lizards
  4 kobolds
  5 rats
29 creatures vanquished.

Vanquished Creatures (others)
  A goblin (D:2)
1 creature vanquished.

Grand Total: 30 creatures vanquished

Notes
Turn   | Place    | Note
-------+----------+-------------------------------------------
     0 | D:1      | Irenicus the Deep Dwarf Gladiator began the quest for the Orb.
     0 | D:1      | Reached XP level 1. HP: 19/19 MP: 1/1
   957 | D:2      | Reached skill level 4 in Axes
   957 | D:2      | Reached XP level 2. HP: 24/26 MP: 1/1
   980 | D:2      | Found an iron altar of Okawaru.
  1015 | D:2      | Found a radiant altar of Vehumet.
  1087 | D:2      | Reached XP level 3. HP: 25/32 MP: 2/2
  1319 | D:2      | Reached skill level 5 in Axes
  1561 | D:3      | You fall through a shaft for 3 floors!
  1562 | D:6      | Noticed an ogre
  1563 | D:6      | HP: 1/32 [ogre/giant club (14)]
  1568 | D:6      | Mangled by an ogre

Skill      XL: |  1  2  3 |
---------------+----------+-----
Axes           | 4 5 |  5.3
Fighting       | |  1.7
Throwing       | |  1.7
Dodging        | |  3.2

Action                   || total
-------------------------++-------
Melee: War axe           ||   132
 Abil: Heal Wounds       ||     2
  Use: Scroll            ||     2
  Eat: Chunk             ||     1
Armor: Leather armour    ||    30
Dodge: Dodged            ||   102
